 Dungeon Crawl Stone Soup version 0.29-a0-392-g297d3b089c (webtiles) character file.

Game seed: 18407987883176366839

75 Sabo the Cudgeller (level 4, -4/29 HPs)
             Began as a Gargoyle Monk on May 8, 2022.
             Was an Initiate of Ashenzari.
             Killed from afar by Ijyb (31 damage)
             ... with a bolt of acid
             ... on level 3 of the Dungeon.
             The game lasted 00:11:32 (2477 turns).

Sabo the Cudgeller (Gargoyle Monk)                  Turns: 2477, Time: 00:11:32

Health: -4/29      AC:  9    Str: 16    XL:     4   Next: 31%
Magic:  4/4        EV: 10    Int: 11    God:    Ashenzari [......]
Gold:   162        SH:  0    Dex: 12    Spells: 3/3 levels left

rFire   . . .      SeeInvis .   g - +0 morningstar
rCold   . . .      Faith    .   (no shield)
rNeg    + . .      Spirit   .   j - +0 scale mail
rPois   ∞          Reflect  .   (no helmet)
rElec   +          Harm     .   (no cloak)
rCorr   .          Rampage  .   (no gloves)
Will    .....                   (no boots)
Stlth   +.........              (no amulet)
HPRegen 0.09/turn               (no ring)
MPRegen 0.09/turn               (no ring)

@: no status effects
A: sickness immunity, AC +3, negative energy resistance 1, electricity
resistance, torment resistance 1, petrification resistance
a: Renounce Religion, Curse Item


You were on level 3 of the Dungeon.
You worshipped Ashenzari.
Ashenzari was noncommittal.
You visited 1 branch of the dungeon, and saw 3 of its levels.

You collected 162 gold pieces.

Inventory:

Hand Weapons
 a - a +0 mace
 g - a +0 morningstar (weapon)
 p - a +0 hunting sling
Missiles
 f - 173 stones (quivered)
 m - 5 atropa-tipped darts
 n - 7 curare-tipped darts
Armour
 j - a +0 scale mail (worn)
Scrolls
 b - a scroll of identify {unknown}
 e - 5 scrolls of teleportation
 k - a scroll of summoning
 o - a scroll of fog {unknown}
 q - a scroll of immolation {unknown}
 r - a scroll of vulnerability {unknown}
 s - a scroll of poison {unknown}
Potions
 c - a potion of ambrosia
 d - a potion of curing {unknown}
 h - a potion of lignification {unknown}
 i - a potion of heal wounds {unknown}
 l - a potion of resistance {unknown}


   Skills:
 + Level 3.8 Fighting
 + Level 3.9 Maces & Flails
 + Level 0.7 Armour
 + Level 2.8 Dodging
 + Level 2.7 Stealth


You had 3 spell levels left.
You didn't know any spells.
Your spell library contained the following spells:

 Spells                   Type           Power      Damage    Failure   Level
 Slow                     Hex            0%         N/A       80%         1
 Confusing Touch          Hex            0%         N/A       99%         3
 Vampiric Draining        Necr           0%         2d6       99%         3


Dungeon Overview and Level Annotations

Branches:
Dungeon (3/15)

Altars:
Ashenzari
Ru

Annotations:
D:3 Ijyb


Innate Abilities, Weirdness & Mutations

You are immune to sickness and miasma.
Your stone body is resilient. (AC +3)
You are immune to poison.
You resist negative energy. (rN+)
You are resistant to electric shocks. (rElec)
You are resistant to unholy torment.
You are immune to petrification.


Message History

A giant cockroach comes into view.
The adder barely misses you.
You hit the adder. Your punch misses the adder.
The adder is heavily wounded.
The adder bites you but does no damage. The adder barely misses you.
You miss the adder.
The adder is heavily wounded.
The adder barely misses you.
You puncture the adder!
You kill the adder!
You sock the giant cockroach!
You kill the giant cockroach!
f - 138 stones (gained 1)
Things that are here:
a +0 short sword; a giant cockroach corpse; an adder corpse You start resting.
HP restored.
Things that are here:
a +0 short sword; a giant cockroach corpse; an adder corpse
Found 21 stones.
f - 159 stones (gained 21)
Found 14 stones.
Found a scroll labelled TIG DO GIUCH.
f - 173 stones (gained 14)
s - a scroll labelled TIG DO GIUCH
There is a stone staircase leading up here.
Found a scroll labelled HEOTTO OCVERHO.
Found a stone staircase leading up.
You open the door.
There is an open door here.
You open the door.
There is an open door here.
Found a rapier.
You see here a +0 rapier.
Ijyb the Twisted Goblin comes into view.
She is wielding a +0 club and carrying a wand of acid (11).
Ijyb shouts!
Ijyb hits you with a +0 club.
Ijyb zaps a wand.
The bolt of acid hits you!!
Ouch! That really hurt!
You die...

#.# #.# # ..# #
#...#.# #.#.#.#
#.#.#.# ..
#.#.....#....
#...g@.......#
#####.###.#..#
#......<#..#
#.#.###.#..# #.#...
...## ?
#)#######... ..
#.#....##.######.#
#................#.
###.##.##.#.#......


You could see Ijyb.

Vanquished Creatures
  4 adders
  2 dart slugs (D:1)
  2 ball pythons (D:1)
  5 bats
  4 endoplasms
  A giant cockroach (D:3)
  A hobgoblin (D:1)
  4 kobolds
  3 quokkas
  A frilled lizard (D:3)
  5 goblins
  4 rats
36 creatures vanquished.

Notes
Turn   | Place    | Note
-------+----------+-------------------------------------------
     0 | D:1      | Sabo the Gargoyle Monk began the quest for the Orb.
     0 | D:1      | Reached XP level 1. HP: 14/14 MP: 1/1
   267 | D:1      | Reached XP level 2. HP: 9/19 MP: 2/2
   752 | D:1      | Found a faded altar of an unknown god.
   763 | D:1      | Prayed at the altar of an unknown god.
   763 | D:1      | Became a worshipper of Ashenzari the Shackled
  1191 | D:1      | Reached XP level 3. HP: 22/23 MP: 3/3
  1871 | D:2      | Reached XP level 4. HP: 26/29 MP: 4/4
  2127 | D:3      | Found a sacrificial altar of Ru.
  2475 | D:3      | Noticed Ijyb
  2477 | D:3      | Killed from afar by Ijyb

Illustrated notes

Levels and vault maps discovered:
D:1:      tarquinn_simple_flora_water_a, layout_loops_ring,
          dilly_ecumenical_altar_fadedgnrine
D:2:      layout_basic, minmay_statues_item, glass_columns_c
D:3:      layout_basic, amcnicky_altar_gilded, minmay_misc_feat_square,
          uniq_ijyb

Action                   |  1- 3 |  4- 6 || total
-------------------------+-------+-------++-------
Melee: Mace              |    25 |       ||    25
       Morningstar       |    78 |    11 ||    89
       Punch             |     1 |       ||     1
  Use: Scroll            |     1 |     1 ||     2
 Stab: Sleeping          |     3 |       ||     3
Armor: Robe              |    13 |       ||    13
       Scale mail        |    47 |     5 ||    52
Dodge: Dodged            |    63 |     8 ||    71

Table legend: (Time is in decaauts)
 A = Elapsed time spent in this place.
 B = Non-inter-level travel time spent in this place.
 C = Inter-level travel time spent in this place.
 D = Time resting spent in this place.
 E = Time spent auto-exploring this place.
 F = Levels seen in this place.
 G = Mean time per level.
                   A        B        C        D        E       F      G
               +--------+--------+--------+--------+--------+-----+--------+
         Total |   2511 |   2511 |      0 |    601 |      0 |   3 |  837.0 |
       Dungeon |   2511 |   2511 |      0 |    601 |      0 |   3 |  837.0 |
               +--------+--------+--------+--------+--------+-----+--------+

Top non-repeatable levels by time:
     D:1: 1381 daAuts
     D:2: 760 daAuts
     D:3: 369 daAuts
